 Dungeon Crawl Stone Soup version 0.29.1-debian-4-g95531337e3 (webtiles) character file.

Game seed: 6918303926185839903

136 MirrMurr the Shooter (level 4, 0/22 HPs)
             Began as a Spriggan Hunter on Sept 13, 2022.
             Killed from afar by an orc wizard (3 damage)
             ... with a puff of flame
             ... on level 3 of the Dungeon.
             The game lasted 00:04:27 (2810 turns).

MirrMurr the Shooter (Spriggan Hunter)              Turns: 2810, Time: 00:04:27

Health: 0/22       AC:  2    Str:  7    XL:     4   Next: 98%
Magic:  5/5        EV: 20    Int: 10    God:
Gold:   157        SH:  5    Dex: 20    Spells: 3/3 levels left

rFire   . . .      SeeInvis +   a - +0 shortbow
rCold   . . .      Faith    .   (shield currently unavailable)
rNeg    . . .      Spirit   .   c - +0 robe
rPois   .          Reflect  +   (helmet restricted)
rElec   .          Harm     .   (no cloak)
rCorr   .          Rampage  .   (gloves unavailable)
Will    .....                   (boots unavailable)
Stlth   ++........              p - amulet of reflection
HPRegen 0.07/turn               (no ring)
MPRegen 0.09/turn               (no ring)

@: very quick
A: very small, no large weapons, unfitting armour, see invisible, speed 3
a: no special abilities


You were on level 3 of the Dungeon.
You visited 1 branch of the dungeon, and saw 3 of its levels.

You collected 157 gold pieces.

Inventory:

Hand Weapons
 a - a +0 shortbow (weapon)
 b - a +0 short sword of venom
Missiles
 i - 21 stones
Armour
 c - a +0 robe (worn)
Jewellery
 p - an amulet of reflection (around neck)
Wands
 l - a wand of polymorph (4)
Scrolls
 d - 2 scrolls of identify {unknown}
 f - a scroll of magic mapping {unknown}
 h - 2 scrolls of teleportation {unknown}
 m - 2 scrolls of noise {unknown}
 o - a scroll of immolation
 r - a scroll of fear {unknown}
 s - a scroll of enchant weapon {unknown}
Potions
 e - 2 potions of haste {unknown}
 g - 2 potions of cancellation {unknown}
 j - 3 potions of mutation {unknown}
 k - a potion of attraction {unknown}
 n - a potion of curing
 q - a potion of flight {unknown}


   Skills:
 - Level 1.5 Fighting
 + Level 5.3 Ranged Weapons
 + Level 5.2 Dodging
 - Level 1.5 Stealth


You had 3 spell levels left.
You didn't know any spells.
Your spell library contained the following spells:

 Spells                   Type           Power      Damage    Failure   Level
 Confusing Touch          Hex            0%         N/A       75%         3
 Yara's Violent Unravell  Hex/Tmut       0%         3d3       100%        5
 Enfeeble                 Hex            0%         N/A       100%        7


Dungeon Overview and Level Annotations

Branches:
Dungeon (3/15)

Altars:
Hepliaklqana


Innate Abilities, Weirdness & Mutations

You are very small and have problems with some larger weapons.
You are too small for most types of armour.
You have supernaturally acute eyesight. (SInv)
You cover ground extremely quickly. (Speed+++)


Message History

You shoot an arrow. The arrow hits the orc!
You kill the orc!
The orc wizard points at you and mumbles some strange words.
The puff of flame hits you!
You shoot an arrow. The arrow hits the orc wizard!
The orc wizard is heavily wounded.
You shoot an arrow. The arrow hits the orc wizard.
The orc wizard is severely wounded.
The orc wizard drinks a potion.
The orc wizard is healed!
You shoot an arrow. The arrow hits the orc wizard.
The orc wizard is moderately wounded.
You shoot an arrow.
The arrow hits the orc wizard but does no damage.
The orc wizard is moderately wounded.
The orc wizard hits you with a +0 dagger.
You shoot an arrow.
The arrow hits the orc wizard but does no damage.
The orc wizard is moderately wounded.
The orc wizard hits you with a +0 dagger. x2
You are too injured to fight recklessly!
The orc wizard gestures at you while chanting.
You easily resist.
You are too injured to fight recklessly!
You are too injured to fight recklessly!
Fire: a) +0 shortbow
Press: ? - help, Q - select action, (/) - cycle Shift-Dir - straight line, f/p - orc wizard
Aim: an orc wizard, wielding a +0 dagger and wearing a +0 robe (moderately wounded, slightly transparent, 58% to hit)
You shoot an arrow. The arrow hits the orc wizard!
The orc wizard is severely wounded.
The orc wizard casts a spell at you. The magic dart hits you!
* * * LOW HITPOINT WARNING * * *
Fire: a) +0 shortbow
Press: ? - help, Q - select action, (/) - cycle Shift-Dir - straight line, f/p - orc wizard
Aim: an orc wizard, wielding a +0 dagger and wearing a +0 robe (severely wounded, slightly transparent, 58% to hit)
You shoot an arrow.
The arrow closely misses the orc wizard.
The orc wizard casts a spell at you. The puff of flame hits you.
You die...

#.......#......# .
#.#####.##.##### .
#.#.<....#.# .
#.#.######.# #######.
#..........# #.......
#...###############......#
#......<.....)....'.......
#..#...##.#########.......
#........@.....# #.......
##.#.#..#.####.# #######'
#.#.#......##+### ..
#.#>...#........# #..
#.######........# #.. #.#
#........# #.o ####.####
#........# #.. #.......#
#....o...# #o. #######.#
#..o.....#


You could see an orc wizard (invisible).

Vanquished Creatures
  Jessica (D:2)
  An orc wizard (D:3)
  Robin (D:2)
  An adder (D:2)
  A worm (D:2)
  2 orcs (D:3)
  An endoplasm (D:2)
  2 giant cockroaches
  14 goblins
  12 hobgoblins
  4 quokkas
  4 ball pythons (D:1)
  A bat (D:2)
  3 frilled lizards
  5 kobolds
  3 rats
56 creatures vanquished.

Notes
Turn   | Place    | Note
-------+----------+-------------------------------------------
     0 | D:1      | MirrMurr the Spriggan Hunter began the quest for the Orb.
     0 | D:1      | Reached XP level 1. HP: 10/10 MP: 2/2
   293 | D:1      | Found a faded altar of an unknown god.
   388 | D:1      | Reached XP level 2. HP: 14/14 MP: 3/3
  1080 | D:1      | Reached XP level 3. HP: 18/18 MP: 4/4
  1653 | D:2      | Noticed Jessica
  1654 | D:2      | Killed Jessica
  1655 | D:2      | Reached XP level 4. HP: 22/22 MP: 5/5
  1720 | D:2      | Noticed Robin
  1723 | D:2      | Killed Robin
  1724 | D:2      | Reached skill level 5 in Ranged Weapons
  2403 | D:3      | Found a faded altar of an unknown god.
  2403 | D:3      | Found a faded altar of an unknown god.
  2406 | D:3      | Found a hazy altar of Hepliaklqana.
  2642 | D:3      | Reached skill level 5 in Dodging
  2810 | D:3      | Killed from afar by an orc wizard

Illustrated notes

Levels and vault maps discovered:
D:1:      lightli_arrival_boilingwater, layout_basic, serial_corexii_hall,
          corexii_hall_statues_s, corexii_hall_statues_u,
          corexii_hall_statues_s, corexii_hall_statues_x,
          chequers_hall_statues_y, chequers_hall_statues_wall_a,
          shapermc_ecumenical_altar_venn, chequers_serial_rivers_large_a
D:2:      layout_loops_ring, uniq_robin, uniq_jessica
D:3:      layout_basic, nicolae_hepliaklqana_ecumenical_no_more,
          grunt_dithmenos_smoke, grunt_decor_junction,
          minmay_misc_feat_diagonals, nicolae_underground_beach, uniq_terence

Skill      XL: |  1  2  3  4 |
---------------+-------------+-----
Dodging        | 3 4 5 |  5.2
Ranged Weapons | 5 |  5.3
Fighting       | |  1.5
Stealth        | |  1.5

Action                   |  1- 3 |  4- 6 || total
-------------------------+-------+-------++-------
 Fire: Shortbow          |    65 |    69 ||   134
Armor: Robe              |     1 |     1 ||     2
Dodge: Dodged            |     4 |    11 ||    15
